 Dungeon Crawl Stone Soup version 0.29-a0-330-g52719c12eb (webtiles) character file.

Game seed: 9607195281557971768

248 jmlagarto the Skirmisher (level 5, -6/44 HPs)
             Began as a Palentonga Fighter on Apr 14, 2022.
             Killed by nerve-wracking pain
             ... invoked by Grinder
              (12 damage)
             ... on level 3 of the Dungeon.
             The game lasted 00:14:33 (5152 turns).

jmlagarto the Skirmisher (Palentonga Fighter)       Turns: 5152, Time: 00:14:34

Health: -6/44      AC:  9    Str: 24 (27) XL:     5   Next: 86%
Magic:  5/5        EV:  4    Int:  6 (9)  God:
Gold:   142        SH:  4    Dex:  8 (9)  Spells: 4/4 levels left

rFire   . . .      SeeInvis +   a - +0 flail
rCold   . . .      Faith    .   c - +0 buckler
rNeg    . . .      Spirit   .   d - +0 plate armour
rPois   .          Reflect  .   (no helmet)
rElec   .          Harm     .   (no cloak)
rCorr   .          Rampage  .   (no gloves)
Will    .....                   (no barding)
Stlth   ..........              (no amulet)
HPRegen 0.14/turn               q - +6 ring of strength
MPRegen 0.09/turn               r - ring of wizardry

@: hasted, very quick
A: large, rugged brown scales 3, see invisible, deformed body, roll 1, armoured
tail
a: Rolling Charge


You were on level 3 of the Dungeon.
You visited 1 branch of the dungeon, and saw 4 of its levels.

You collected 142 gold pieces.

Inventory:

Hand Weapons
 a - a +0 flail (weapon)
 g - a +1 falchion of holy wrath
Armour
 c - a +0 buckler (worn)
 d - a +0 plate armour (worn)
 u - a +0 helmet
Jewellery
 q - a +6 ring of strength (left hand)
 r - a ring of wizardry (right hand)
Scrolls
 e - 2 scrolls of amnesia
 f - a scroll of summoning {unknown}
 i - a scroll of torment {unknown}
 k - a scroll of fear {unknown}
 m - a scroll of fog {unknown}
 n - a scroll of teleportation
 o - a scroll of enchant weapon {unknown}
 t - a scroll of vulnerability {unknown}
Potions
 b - a potion of degeneration
 h - a potion of resistance {unknown}
 l - a potion of brilliance {unknown}
 s - a potion of cancellation {unknown}


   Skills:
 + Level 4.2 Fighting
 + Level 3.4 Maces & Flails
 + Level 3.4 Armour
 + Level 3.4 Shields


You had 4 spell levels left.
You didn't know any spells.
Your spell library contained the following spells:

 Spells                   Type           Power      Damage    Failure   Level
 Animate Skeleton         Necr           0%         N/A       98%         1
 Beastly Appendage        Tmut           0%         N/A       98%         1
 Sublimation of Blood     Necr           0%         N/A       99%         2
 Wereblood                Tmut           0%         N/A       99%         2
 Spider Form              Tmut/Pois      0%         N/A       100%        3
 Vampiric Draining        Necr           0%         2d6       100%        3
 Agony                    Necr           0%         N/A       100%        5


Dungeon Overview and Level Annotations

Branches:
Dungeon (4/15)
 Temple: D:4-7

Altars:
Kikubaaqudgha

Annotations:
D:3 Grinder


Innate Abilities, Weirdness & Mutations

You are completely covered in rugged brown scales. (AC +3, +7% HP)
You have supernaturally acute eyesight. (SInv)
Armour fits poorly on your strangely shaped body.
You can roll at nearby foes to attack.
You have a long armoured tail.


Message History

You closely miss Grinder.
Your tail-slap misses Grinder.
Grinder is moderately wounded.
Grinder gestures at you.
You suddenly lose the ability to move!
Grinder blinks!
You can move again.
Grinder gestures at you.
You barely resist. Grinder gestures at you.
You suddenly lose the ability to move!
Grinder hits you but does no damage. Grinder hits you.
You writhe in agony.
Grinder hits you.
You writhe in agony.
Grinder hits you but does no damage.
You can move again.
You barely miss Grinder.
Grinder is moderately wounded.
Grinder completely misses you. Grinder hits you.
You hit Grinder. You tail-slap Grinder.
Grinder is moderately wounded.
Grinder blinks!
You feel yourself speed up. Grinder gestures at you.
You resist with significant effort.
You sock Grinder! You tail-slap Grinder!
Grinder is almost dead.
Grinder hits you but does no damage.
You closely miss Grinder.
Grinder is almost dead.
Grinder hits you.
* * * LOW HITPOINT WARNING * * *
You writhe in agony.
* * * LOW HITPOINT WARNING * * *
You hit Grinder.
Your tail-slap misses Grinder.
Grinder is almost dead.
You barely miss Grinder.
Grinder is almost dead.
Grinder gestures at you. Pain shoots through your body!
You die...

##...#####.## #..# #.###...#.##
#.#.# #.# #..# #.# ##.##.## #.#.#
#.# #..#####.# #.##... #.#.#
##.## #.>......# #.#####
##.#.####...###.######.# #.#
...#.[........#...####.####.#####
#########...#...#...............#
##.####5..############... #.#
#.@########### ##.#
#.####............# #.#
#.......#########.# #.# #########
#.####.# #......# ########


You could see Grinder.

Vanquished Creatures
  A scorpion (D:4)
  An orc priest (D:3)
  A black bear skeleton (D:3)
  A kobold skeleton (D:2)
  A howler monkey skeleton (D:3)
  Robin (D:3)
  A gnoll (D:1)
  4 adders
  A steam dragon skeleton (D:2)
  A worm zombie (D:2)
  A gnoll skeleton (D:3)
  A worm (D:2)
  An adder skeleton (D:3)
  2 dart slugs
  2 orcs (D:3)
  A bat zombie (D:3)
  8 endoplasms
  5 giant cockroaches
  21 goblins
  7 hobgoblins
  A jackal (D:2)
  3 kobolds
  4 quokkas (D:1)
  8 ball pythons
  A ball python skeleton (D:3)
  A ball python zombie (D:3)
  4 bats
  3 frilled lizards
  3 goblin skeletons (D:3)
  2 goblin zombies
  A hobgoblin skeleton (D:3)
  2 hobgoblin zombies (D:3)
  A kobold zombie (D:3)
  2 orc skeletons
  2 orc zombies (D:3)
  9 rats
  A bush (D:1)
110 creatures vanquished.

Vanquished Creatures (others)
  A plant (D:1)
1 creature vanquished.

Grand Total: 111 creatures vanquished

Notes
Turn   | Place    | Note
-------+----------+-------------------------------------------
     0 | D:1      | jmlagarto the Palentonga Fighter began the quest for the
                  | Orb.
     0 | D:1      | Reached XP level 1. HP: 19/19 MP: 1/1
    37 | D:1      | Reached XP level 2. HP: 20/25 MP: 2/2
   783 | D:1      | Reached XP level 3. HP: 30/31 MP: 3/3
  1820 | D:2      | Found a faded altar of an unknown god.
  1831 | D:2      | Prayed at the altar of an unknown god.
  1831 | D:2      | Became a worshipper of Kikubaaqudgha
  1831 | D:2      | Reached * piety under Kikubaaqudgha
  1831 | D:2      | Received a gift from Kikubaaqudgha
  1832 | D:2      | Fell from the grace of Kikubaaqudgha
  2050 | D:2      | Reached XP level 4. HP: 33/37 MP: 4/4
  3011 | D:3      | Reached XP level 5. HP: 43/44 MP: 5/5
  3858 | D:3      | Noticed Robin
  4315 | D:3      | Reached skill level 4 in Fighting
  4322 | D:3      | Killed Robin
  4756 | D:4      | Noticed an ogre
  4785 | D:3      | HP: 1/44 [black bear skeleton[the malice of Kikubaaqudgha]
                  | (3)]
  5120 | D:4      | Noticed Grinder
  5133 | D:3      | Paralysed by Grinder for 4 turns
  5138 | D:3      | Paralysed by Grinder for 5 turns
  5152 | D:3      | Killed from afar by Grinder

Illustrated notes

Levels and vault maps discovered:
D:1:      dpeg_arrival_oval, layout_basic, serial_forest,
          infiniplex_forest_pool, infiniplex_forest_lined_1,
          infiniplex_forest_pool, infiniplex_forest_straight_1,
          infiniplex_forest_fountain, infiniplex_forest_lined_room_3
D:2:      layout_loops_cross, basic_ecumenical_altar, st_stairs_12
D:3:      minmay_spotlight, layout_loops_ring, ebering_dispersal_statue_hall,
          uniq_robin
D:4:      kennysheep_spiral_hall, layout_cave_pools, temple_fountains,
          st_stairs_13, kennysheep_donut, uniq_grinder, uniq_pikel, uniq_edmund

Skill      XL: |  1  2  3  4  5 |
---------------+----------------+-----
Shields        | 3 |  3.4
Armour         | 3 |  3.4
Maces & Flails | 3 |  3.4
Fighting       | 4 |  4.2

Action                   |  1- 3 |  4- 6 || total
-------------------------+-------+-------++-------
Melee: Flail             |   148 |   253 ||   401
       Tailslap          |    13 |    23 ||    36
Invok: Renounce Religion |     1 |       ||     1
 Abil: Rolling Charge    |     8 |       ||     8
  Use: Potion            |     1 |     5 ||     6
       Scroll            |     2 |     2 ||     4
Armor: Scale mail        |    73 |       ||    73
       Plate armour      |    17 |   200 ||   217
Dodge: Dodged            |    45 |    48 ||    93
Block: Buckler           |    31 |    56 ||    87

Table legend: (Time is in decaauts)
 A = Elapsed time spent in this place.
 B = Non-inter-level travel time spent in this place.
 C = Inter-level travel time spent in this place.
 D = Time resting spent in this place.
 E = Time spent auto-exploring this place.
 F = Levels seen in this place.
 G = Mean time per level.
                   A        B        C        D        E       F      G
               +--------+--------+--------+--------+--------+-----+--------+
         Total |   5249 |   5108 |    141 |   1583 |   2645 |   4 | 1312.2 |
       Dungeon |   5249 |   5108 |    141 |   1583 |   2645 |   4 | 1312.2 |
               +--------+--------+--------+--------+--------+-----+--------+

Top non-repeatable levels by time:
     D:3: 2250 daAuts
     D:1: 1624 daAuts
     D:2: 1340 daAuts
     D:4: 34 daAuts
